 Dungeon Crawl Stone Soup version 0.31-a0-986-g5e6e4ef867 (webtiles) character file.

Game seed: 14037335981639128618

1099 wildpjah the Slasher (level 8, 0/44 (48) HPs)
             Began as a Tengu Gladiator on Nov 20, 2023.
             Was a High Priest of Ru.
             Slain by a wight
             ... wielding a +5 spear of freezing
              (3 damage)
             ... on level 5 of the Dungeon.
             The game lasted 00:08:21 (4147 turns).

wildpjah the Slasher (Tengu Gladiator)              Turns: 4147, Time: 00:08:23

HP:   0/44 (48)     AC:  5    Str: 14    XL:     8   Next: 32%
MP:   9/9           EV: 19    Int:  8    God:    Ru [*****.]
Gold: 300           SH:  0    Dex: 19    Spells: 7/7 levels left

rFire   . . .        a - +0 long sword
rCold   . . .        (shield unavailable)
rNeg    . . .        b - +0 leather armour
rPois   .            c - +0 hat
rElec   .            s - +0 cloak
rCorr   .            n - +0 pair of gloves
SInv    .            (boots unavailable)
Will    .....        (no amulet)
Stlth   ++           (ring unavailable)
HPRegen 0.27/turn    (no ring)
MPRegen 0.11/turn

%: acrobat
@: flying, drained
A: beak, talons 3, missing a hand, inability to use devices, evasive flight,
acrobatic
a: Renounce Religion, Draw Out Power, Power Leap, Apocalypse


You were on level 5 of the Dungeon.
You worshipped Ru.
Ru was extremely pleased with you.
You visited 2 branches of the dungeon, and saw 6 of its levels.

You collected 300 gold pieces.

Inventory:

Hand Weapons
 a - a +0 long sword (weapon)
 j - a +0 scimitar
Missiles
 d - a throwing net (quivered)
 e - a javelin
Armour
 b - a +0 leather armour (worn)
 c - a +0 hat (worn)
 n - a +0 pair of gloves (worn)
 s - a +0 cloak (worn)
Scrolls
 f - 5 scrolls of identify {unknown}
 h - a scroll of teleportation {unknown}
 i - a scroll of fear {unknown}
 k - a scroll of silence {unknown}
 o - 2 scrolls of fog {unknown}
 q - 2 scrolls of enchant weapon {unknown}
 r - 2 scrolls of brand weapon {unknown}
 u - a scroll of poison {unknown}
 x - a scroll of torment {unknown}
Potions
 g - 2 potions of enlightenment
 l - a potion of heal wounds
 m - a potion of attraction {unknown}
 p - a potion of resistance {unknown}
 t - a potion of invisibility {unknown}
 v - a potion of mutation {unknown}
 w - 2 potions of lignification {unknown}


   Skills:
 * Level 4.8 Fighting
 + Level 7.0 Long Blades
 + Level 2.4 Throwing
 + Level 2.7 Armour
 * Level 5.8 Dodging
 + Level 2.8 Stealth


You had 7 spell levels left.
You didn't know any spells.
Your spell library contained the following spells:

 Spells                   Type           Power      Damage    Failure   Level
 Foxfire                  Conj/Fire      0%         2x1d4     47%         1
 Sting                    Tmut/Pois      0%         1d3       47%         1
 Ensorcelled Hibernation  Hex/Ice        0%         N/A       63%         2
 Passwall                 Tmut/Erth      0%         N/A       63%         2
 Poisonous Vapours        Pois/Air       0%         N/A       63%         2
 Swiftness                Air            0%         N/A       85%         3
 Olgreb's Toxic Radiance  Pois           0%         N/A       99%         4
 Plasma Beam              Fire/Air       0%         2x1d10    100%        6
 Starburst                Conj/Fire      0%         6d3       100%        6


Dungeon Overview and Level Annotations

Branches:
Dungeon (5/15)             Temple (1/1) D:4

Altars:
Ashenzari
Cheibriados
Dithmenos
Elyvilon
Fedhas
Gozag
Hepliaklqana
Kikubaaqudgha
Makhleb
Nemelex Xobeh
Okawaru
Ru
Trog
Uskayaw
Vehumet
Wu Jian
Xom
Yredelemnul
Zin
The Shining One

Annotations:
D:5 1 runed translucent door, awesomeguy42's ghost, novice HuNe


Innate Abilities, Weirdness & Mutations

You have a beak for a mouth.
You have claws for feet.
You are missing a hand.
You cannot study or use magical devices.
Your magical flight helps you evade attacks. (EV +4)
You can magically evade attacks while moving or waiting.


Message History

You throw a throwing net.
The throwing net closely misses the wight.
The throwing net hits the wight.
The wight is caught in the net!
The wight hits you from afar with a +5 spear of freezing!
You feel drained. The wight freezes you.
You focus your inner power and paralyse the wight in retribution!
The wight struggles against the net.
The wight struggles against the net.
The helpless wight fails to defend itself.
You hit the wight. You claw the wight, but do no damage.
You peck the wight, but do no damage.
The wight is lightly damaged.
The wight struggles against the net.
The helpless wight fails to defend itself.
You hit the wight but do no damage.
The wight is lightly damaged.
The wight struggles against the net.
The helpless wight fails to defend itself.
You slash the wight!
The wight is heavily damaged.
The wight is no longer paralysed.
The wight misses you.
The wight struggles against the net.
You closely miss the wight. You peck the wight, but do no damage.
The wight is heavily damaged.
The wight hits you with a +5 spear of freezing!
The wight freezes you.
You focus your inner power and illuminate the wight in retribution!
The wight struggles against the net.
You hit the wight. You claw the wight.
The wight is almost destroyed.
The wight hits you with a +5 spear of freezing.
You feel drained. The wight freezes you.
The wight struggles against the net.
The net rips apart, and the wight comes free!
You hit the wight but do no damage. You claw the wight, but do no damage.
You peck the wight, but do no damage.
The wight is almost destroyed.
The wight hits you with a +5 spear of freezing!
* * * LOW HITPOINT WARNING * * *
You feel drained.
You die...

##+#
#.#...# #.#
#.#
#.##.####.#
#.#
#.........#
#.## ##
####.######
#...
#...#####
#.# ####
.o..z.z.#
#.#
#...###[#
#.# #
#.####.#
#(zz@..#
########


You could see 2 wights.

Vanquished Creatures
  A water moccasin (D:5)
  A black bear (D:5)
  An ogre (D:4)
  A phantom (D:5)
  4 scorpions
  A wight (D:5)
  Crazy Yiuf (D:2)
  A gnoll bouda (D:5)
  2 hounds
  2 jellies
  A sleepcap (D:5)
  An iguana (D:5)
  An orc wizard (D:5)
  11 adders
  6 gnolls
  A white imp (D:5)
  3 worms
  A dart slug (D:4)
  8 orcs
  8 endoplasms
  4 giant cockroaches
  3 hobgoblins
  A quokka (D:2)
  2 ball pythons (D:4)
  9 bats
  2 frilled lizards (D:1)
  A goblin (D:2)
  3 kobolds
  3 rats
84 creatures vanquished.

Notes
Turn   | Place    | Note
-------+----------+-------------------------------------------
     0 | D:1      | wildpjah the Tengu Gladiator began the quest for the Orb.
     0 | D:1      | Reached XP level 1. HP: 12/12 MP: 2/2
   150 | D:1      | Found a faded altar of an unknown god.
   168 | D:1      | Prayed at the altar of an unknown god.
   168 | D:1      | Became a worshipper of Ru the Awakened
   189 | D:1      | Gained mutation: You cannot study or use magical devices.
                  | [Ru sacrifice]
   189 | D:1      | Reached * piety under Ru
   189 | D:1      | Reached ** piety under Ru
   290 | D:1      | Reached XP level 2. HP: 4/17 MP: 3/3
   717 | D:2      | Reached XP level 3. HP: 15/22 MP: 4/4
   888 | D:2      | Reached skill level 1 in Armour
   921 | D:2      | Found a runed translucent door.
   922 | D:2      | Noticed Crazy Yiuf
   978 | D:2      | Reached XP level 4. HP: 20/27 MP: 5/5
  1198 | D:2      | Killed Crazy Yiuf
  1199 | D:2      | Reached skill level 4 in Long Blades
  1308 | D:3      | Found a hazy altar of Hepliaklqana.
  1422 | D:3      | Reached XP level 5. HP: 26/32 MP: 6/6
  2276 | D:4      | Reached skill level 1 in Stealth
  2368 | D:4      | Noticed an ogre
  2376 | D:4      | Killed an ogre
  2377 | D:4      | Reached skill level 5 in Long Blades
  2377 | D:4      | Reached XP level 6. HP: 37/37 MP: 7/7
  2422 | D:4      | Gained mutation: You are missing a hand. [Ru sacrifice]
  2422 | D:4      | Reached *** piety under Ru
  2422 | D:4      | Reached **** piety under Ru
  2422 | D:4      | Reached ***** piety under Ru
  2591 | D:4      | Found a staircase to the Ecumenical Temple.
  3082 | Temple   | Entered the Ecumenical Temple
  3117 | D:5      | Entered Level 5 of the Dungeon
  3309 | D:5      | Gained mutation: Your magical flight helps you evade
                  | attacks. (EV +4) [Tengu growth]
  3309 | D:5      | Reached XP level 7. HP: 32/42 MP: 8/8
  3312 | D:5      | Reached skill level 5 in Dodging
  3387 | D:5      | Found a blossoming altar of Fedhas.
  3394 | D:5      | Reached skill level 6 in Long Blades
  3438 | D:5      | Found a sparkling altar of Nemelex Xobeh.
  3731 | D:5      | Found a runed translucent door.
  3732 | D:5      | Noticed awesomeguy42's ghost (novice HuNe)
  3814 | D:5      | Reached XP level 8. HP: 48/48 MP: 9/9
  4128 | D:5      | Reached skill level 7 in Long Blades
  4147 | D:5      | Slain by a wight

Illustrated notes

Levels and vault maps discovered:
D:1:      zaba_arrival_water, layout_loops_cross, ebering_ecumenical_altar_hall,
          amcnicky_mini_corridor_feature, chequers_serial_rivers_marsh,
          minmay_circled_x
D:2:      layout_rooms, st_stairs_12, dreamdust_princess_corridor,
          uniq_crazy_yiuf_cottage
D:3:      layout_basic, lemuel_doored_altar, minmay_splitting_lines
D:4:      layout_loops_ring, minmay_temple_entry_trees,
          hangedman_abyss_or_decor_passed, minivault_25
D:5:      minmay_chambers_of_threes, layout_loops_corners, jmf_multi_god_temple,
          kennysheep_orc_sif_temple, ebering_ghost_sewer_d
Temple:   nicolae_temple_bog_church

Skill      XL: |  1  2  3  4  5  6  7  8 |
---------------+-------------------------+-----
Dodging        | 4 5 |  5.8
Armour         | 1 2 |  2.7
Long Blades    | 4 5 6 7 |  7.0
Fighting       | 3 4 |  4.8
Stealth        | 1 2 |  2.8
Throwing       | |  2.4

Action                     |  1- 3 |  4- 6 |  7- 9 || total
---------------------------+-------+-------+-------++-------
  Melee: Long sword        |    75 |    83 |    80 ||   238
         Peck              |    11 |    11 |    15 ||    37
         Kick              |    16 |    29 |    30 ||    75
         Punch             |     1 |       |       ||     1
  Throw: Javelin           |       |     1 |     3 ||     4
         Throwing net      |       |     1 |     2 ||     3
 Invoke: Sacrifice Artific |     1 |       |       ||     1
         Sacrifice a Hand  |       |     1 |       ||     1
    Use: Potion            |       |       |     4 ||     4
   Stab: Sleeping          |     1 |     1 |     2 ||     4
         Invisible         |     1 |       |       ||     1
         Paralysed         |       |       |     3 ||     3
         Distracted        |       |       |     1 ||     1
 Armour: Leather armour    |    43 |    30 |    28 ||   101
  Dodge: Dodged            |    74 |    51 |    51 ||   176

Table legend: (Time is in decaauts)
 A = Elapsed time spent in this place.
 B = Non-inter-level travel time spent in this place.
 C = Inter-level travel time spent in this place.
 D = Time resting spent in this place.
 E = Time spent auto-exploring this place.
 F = Levels seen in this place.
 G = Mean time per level.
                   A        B        C        D        E       F      G
               +--------+--------+--------+--------+--------+-----+--------+
         Total |   4200 |   4047 |    153 |     27 |   3346 |   6 |  700.0 |
       Dungeon |   4198 |   4046 |    152 |     27 |   3346 |   5 |  839.6 |
        Temple |      1 |      1 |      0 |      0 |      0 |   1 |    1.0 |
               +--------+--------+--------+--------+--------+-----+--------+

Top non-repeatable levels by time:
     D:5: 1040 daAuts
     D:4: 978 daAuts
     D:3: 865 daAuts
     D:1: 697 daAuts
     D:2: 617 daAuts
  Temple: 1 daAuts
